 Dungeon Sprint DCSS version 0.22.1-1-ga44c0e56f4 (webtiles) character file.

1775 MuseOD the Impaler (level 9, -5/84 HPs)
             Began as a Merfolk Berserker on Oct 7, 2018.
             Was an Elder of Trog.
             Shot with a bolt by a yaktaur (9 damage)
             ... in the Dungeon (Sprint II: "The Violet Keep of Menkaure").
             The game lasted 00:02:20 (560 turns).

MuseOD the Impaler (Merfolk Berserker)               Turns: 560, Time: 00:02:20

Health: -5/84      AC:  2    Str: 20    XL:     9   Next: 7%
Magic:  9/9        EV: 18    Int:  7    God:    Trog [****..]
Gold:   729        SH:  0    Dex: 13    Spells: 8/8 levels left

rFire    . . .     SeeInvis .   j - +0 trident
rCold    . . .     Gourm    .   (no shield)
rNeg     . . .     Faith    .   b - +0 animal skin
rPois    .         Spirit   .   (no helmet)
rElec    .         Reflect  .   (no cloak)
rCorr    .         Harm     .   (no gloves)
MR       .....     NoTele   +   (no boots)
Stlth    ++........             (no amulet)
HPRegen  0.24/turn              (no ring)
MPRegen  0.11/turn              (no ring)

@: berserk cooldown, very slightly contaminated, slowed, very slow
A: change form in water, swift swim, stealthy swim
a: Berserk, Trog's Hand, Brothers in Arms, Renounce Religion


You were in the Dungeon.
You worshipped Trog.
Trog was greatly pleased with you.
You were very hungry.

You visited 1 branch You collected 729 gold pieces.

Inventory:

Hand Weapons
 a - a +0 spear
 j - a +0 trident (weapon)
Armour
 b - a +0 animal skin (worn)
Potions
 d - a potion of curing
 e - a potion of heal wounds
 f - a potion of haste
 g - 2 potions of magic
 h - a potion of berserk rage
Comestibles
 c - a ration


   Skills:
 + Level 12.9 Fighting
 + Level 17.4 Polearms
 + Level 4.6 Armour
 + Level 9.6 Dodging
 + Level 1.5 Stealth


You had 8 spell levels left.
You didn't know any spells.
Your spell library was empty.

Dungeon Overview and Level Annotations

Branches:
Dungeon (1/1)

Altars:
Cheibriados
Dithmenos
Elyvilon
Fedhas
Gozag
Hepliaklqana
Kikubaaqudgha
Makhleb
Nemelex Xobeh
Okawaru
Qazlal
Sif Muna
Trog
Uskayaw
Vehumet
Zin
Beogh
Jiyva
Lugonu

Annotations:
D Menkaure


Message History

Really walk into a travel-excluded area?
The yaktaur wields an arbalest.
The yaktaur shoots a bolt.
The bolt hits you!!
* * * LOW HITPOINT WARNING * * *
There is an open door, spattered with blood here.
You see here a bolt.
You close the door, pushing everything out of the way.
There is an open door here.
You close the door.
Menkaure opens the door.
There is a staircase leading out of the dungeon here.
The yaktaur shoots a bolt.
The bolt misses you. Menkaure casts a spell at you.
Pain shoots through your body!
* * * LOW HITPOINT WARNING * * *
You see here a bolt.
There is an open door, spattered with blood here.
As you close the door, it creaks loudly!
You fail to use your ability.
A yaktaur opens the door.
The yaktaur shoots a bolt.
The bolt hits you!
You die...

### ###.#### +.### ..
.. ...# ...### ## .#.
###..## #..##$ #.#
#'###.##..# +..#..
#.##.##c..#..# #..#.c
##'.<.'M#(+..####..##.
#.##c##...#....###...#
#.###'###.##.....M≈≈≈≈≈
## #.#@####≈≈.....c#'##
#..#..#≈≈≈≈≈≈≈..≈#...
##.#.##≈≈≈≈≈§≈≈.≈#...
##+##≈≈≈≈≈≈≈≈≈≈≈#...
≈≈≈≈≈≈≈≈≈≈§§≈#.._
+++#≈≈≈§≈≈≈≈≈#._.
##≈≈≈###≈≈#_._ ##≈≈
§≈#._. +§§ ≈≈#.._


You could see a yaktaur.

Vanquished Creatures
  A merfolk siren (D)
  3 polar bears (D)
  2 tyrant leeches (D)
  2 hippogriffs (D)
  4 worker ants (D)
12 creatures vanquished.

Vanquished Creatures (others)
  A crocodile (D)
1 creature vanquished.

Grand Total: 13 creatures vanquished

Notes
Turn   | Place    | Note
-------+----------+-------------------------------------------
     0 | D        | MuseOD the Merfolk Berserker began the quest for the Orb.
     0 | D        | Reached XP level 1. HP: 18/18 MP: 1/1
     1 | D        | Noticed a hippogriff
     1 | D        | Noticed a hippogriff
     4 | D        | Noticed a worker ant
     4 | D        | Noticed a worker ant
     4 | D        | Noticed a worker ant
     4 | D        | Noticed a worker ant
    11 | D        | Killed a worker ant
    11 | D        | Reached skill level 6 in Polearms
    11 | D        | Reached XP level 2. HP: 26/26 MP: 2/2
    13 | D        | Reached skill level 5 in Fighting
    13 | D        | Reached skill level 7 in Polearms
    13 | D        | Reached XP level 3. HP: 34/34 MP: 3/3
    16 | D        | Reached ** piety under Trog
    16 | D        | Reached skill level 8 in Polearms
    16 | D        | Reached XP level 4. HP: 40/40 MP: 4/4
    20 | D        | Reached skill level 9 in Polearms
    65 | D        | Noticed a tyrant leech
    65 | D        | Noticed a tyrant leech
    91 | D        | Noticed a merfolk siren
   103 | D        | Killed a merfolk siren
   103 | D        | Reached *** piety under Trog
   103 | D        | Reached skill level 13 in Polearms
   103 | D        | Reached XP level 5. HP: 53/53 MP: 5/5
   103 | D        | Reached XP level 6. HP: 60/60 MP: 6/6
   159 | D        | Killed a hippogriff
   159 | D        | Reached skill level 10 in Fighting
   159 | D        | Reached skill level 14 in Polearms
   159 | D        | Reached XP level 7. HP: 67/67 MP: 7/7
   163 | D        | Killed a hippogriff
   163 | D        | Reached skill level 15 in Polearms
   232 | D        | Killed a tyrant leech
   232 | D        | Reached XP level 8. HP: 54/75 MP: 8/8
   244 | D        | Killed a tyrant leech
   244 | D        | Reached skill level 16 in Polearms
   244 | D        | Reached skill level 1 in Stealth
   510 | D        | Found a snail-covered altar of Cheibriados.
   511 | D        | Found a shadowy altar of Dithmenos.
   512 | D        | Found a white marble altar of Elyvilon.
   512 | D        | Found an ancient bone altar of Kikubaaqudgha.
   512 | D        | Found a roughly hewn altar of Beogh.
   512 | D        | Found a viscous altar of Jiyva.
   513 | D        | Found a blossoming altar of Fedhas.
   513 | D        | Found a corrupted altar of Lugonu.
   513 | D        | Found a deep blue altar of Sif Muna.
   514 | D        | Found an opulent altar of Gozag.
   514 | D        | Found a burning altar of Makhleb.
   514 | D        | Found a bloodstained altar of Trog.
   514 | D        | Noticed Menkaure
   515 | D        | Found a sparkling altar of Nemelex Xobeh.
   515 | D        | Found a hide-covered altar of Uskayaw.
   516 | D        | Found an iron altar of Okawaru.
   516 | D        | Found a radiant altar of Vehumet.
   516 | D        | Found a glowing silver altar of Zin.
   517 | D        | Noticed a yaktaur
   517 | D        | Noticed a hornet
   517 | D        | Noticed a polar bear
   517 | D        | Noticed a polar bear
   523 | D        | Killed a polar bear
   523 | D        | Reached **** piety under Trog
   525 | D        | Noticed a polar bear
   530 | D        | Killed a polar bear
   530 | D        | Reached skill level 17 in Polearms
   541 | D        | Killed a polar bear
   541 | D        | Reached XP level 9. HP: 53/84 MP: 9/9
   543 | D        | Found a hazy altar of Hepliaklqana.
   543 | D        | Found a stormy altar of Qazlal.
   547 | D        | HP: 4/84 [yaktaur/bolt (23)]
   556 | D        | HP: 2/84 [Menkaure/nerve-wracking pain (5)]
   560 | D        | Shot with a bolt by a yaktaur

Skill      XL: |  1  2  3  4  5  6  7  8 |
---------------+-------------------------+-----
Fighting       | 4 5 6 9 10 11 12 | 12.9
Polearms       | 6 7 8 13 14 15 17 | 17.4
Dodging        | 3 4 6 7 8 9 |  9.6
Armour         | 2 3 4 |  4.6
Stealth        | 1 |  1.5

Action                   |  1- 3 |  4- 6 |  7- 9 || total
-------------------------+-------+-------+-------++-------
Melee: Spear             |    11 |    15 |       ||    26
       Trident           |       |     6 |    56 ||    62
Invok: Berserk           |     1 |     2 |     2 ||     5
       Trog's Hand       |       |       |     1 ||     1
  Use: Scroll            |       |       |     1 ||     1
  Eat: Chunk             |       |       |     3 ||     3
Armor: Animal skin       |     1 |       |     3 ||     4
Dodge: Dodged            |     3 |     6 |    20 ||    29
